 Dungeon Crawl Stone Soup version 0.30-a0-879-ga8ba668304 (webtiles) character file.

Game seed: 12687273488325451143

451 avis the Insei (level 7, -4/55 HPs)
             Began as a Hill Orc Transmuter on Mar 13, 2023.
             Was an Initiate of Beogh.
             Slain by Pikel
             ... wielding a +2 whip of electrocution
              (14 damage)
             ... on level 4 of the Dungeon.
             The game lasted 00:18:02 (2831 turns).

avis the Insei (Hill Orc Transmuter)                Turns: 2831, Time: 00:18:02

Health: -4/55      AC:  2    Str: 16    XL:     7   Next: 4%
Magic:  10/10      EV: 12    Int: 13    God:    Beogh [......]
Gold:   184        SH:  0    Dex: 15    Spells: 4/10 levels left

rFire   . . .      SeeInvis .    a - +7 quarterstaff of Freehold {speed, Fragile Fly Str+3 Dex+2}
rCold   . . .      Faith    .    (shield currently unavailable)
rNeg    . . .      Spirit   .    k - +0 robe
rPois   +          Reflect  .    (no helmet)
rElec   .          Rampage  .    (no cloak)
rCorr   .                        (no gloves)
Will    .....                    (no boots)
Stlth   ++                       (no amulet)
HPRegen 0.29/turn                p - ring of poison resistance
MPRegen 0.12/turn                (no ring)

@: flying
A: no striking features
a: Renounce Religion


You were on level 4 of the Dungeon.
You worshipped Beogh.
Beogh was noncommittal.
You visited 1 branch of the dungeon, and saw 4 of its levels.

You collected 184 gold pieces.

Inventory:

Hand Weapons
 a - the +7 quarterstaff of Freehold (weapon) {speed, Fragile Fly Str+3 Dex+2}
   (You found it on level 2 of the Dungeon)

   Str:       It affects your strength (+3).
   Dex:       It affects your dexterity (+2).
   Fly:       It grants you flight.
   Fragile:   It will be destroyed if unequipped.
 b - a +0 sling
 t - the +2 mace of Ignis's Castigation {elec, rC+ Will+}
   (You found it on level 2 of the Dungeon)

   rC:        It protects you from cold.
   Will:      It increases your willpower.
 z - a +1 flail of protection
Missiles
 x - 3 boomerangs
Armour
 g - a +0 ring mail
 k - a +0 robe (worn)
Jewellery
 p - a ring of poison resistance (left hand)
 s - a ring of poison resistance
Wands
 w - a wand of quicksilver (1)
 y - a wand of mindburst (12)
 B - a wand of paralysis (3)
 G - a wand of flame (12)
Scrolls
 c - 3 scrolls of teleportation {unknown}
 e - a scroll of enchant weapon {unknown}
 j - a scroll of fog {unknown}
 l - 3 scrolls of identify {unknown}
 m - 2 scrolls of blinking {unknown}
 u - a scroll of immolation {unknown}
 v - 2 scrolls of enchant armour {unknown}
 A - a scroll of poison {unknown}
 C - a scroll of brand weapon {unknown}
 D - a scroll of amnesia {unknown}
 F - a scroll of fear {unknown}
Potions
 d - a potion of berserk rage {unknown}
 f - a potion of curing {unknown}
 h - 2 potions of lignification
 i - 3 potions of heal wounds {unknown}
 n - a potion of ambrosia {unknown}
 o - 3 potions of degeneration {unknown}
 q - a potion of invisibility {unknown}
 r - a potion of flight {unknown}
 E - 2 potions of might {unknown}


   Skills:
 - Level 2.0 Fighting
 - Level 2.0 Dodging
 - Level 2.0 Stealth
 - Level 6.0 Unarmed Combat
 * Level 2.1 Spellcasting
 - Level 3.0 Transmutations
 - Level 1.0 Poison Magic


You had 4 spell levels left.
You knew the following spells:

 Your Spells              Type           Power      Damage    Failure   Level
a - Beastly Appendage     Tmut           18%        N/A       8%          1
e - Wereblood             Tmut           9%         N/A       11%         2
p - Spider Form           Tmut/Pois      6%         N/A       32%         3

Your spell library contained the following spells:

 Spells                   Type           Power      Damage    Failure   Level
 Ice Form                 Ice/Tmut       5%         N/A       80%         4


Dungeon Overview and Level Annotations

Branches:
Dungeon (4/15)
 Temple: D:4-7

Altars:
Fedhas

Annotations:
D:4 Pikel


Message History

You sock the lemure!
You kill the lemure!
That felt strangely unrewarding.
You sock the lemure!
The lemure is moderately wounded.
Pikel waves his whip at you.
You hit Pikel.
Pikel is lightly wounded.
You hit Pikel.
Pikel is moderately wounded.
Pikel hits you with a +2 whip of electrocution.
You hit Pikel.
Pikel is moderately wounded.
Pikel hits you with a +2 whip of electrocution.
You hit Pikel.
Pikel is moderately wounded.
Pikel hits you with a +2 whip of electrocution.
You hit Pikel but do no damage.
Pikel is moderately wounded.
Pikel barely misses you.
You miss Pikel.
Pikel is moderately wounded.
Pikel barely misses you.
You barely miss Pikel.
Pikel is moderately wounded.
You sock Pikel!
Pikel is heavily wounded.
Pikel closely misses you.
You hit Pikel.
Pikel is heavily wounded.
Pikel barely misses you.
You hit Pikel.
Pikel is severely wounded.
Pikel hits you with a +2 whip of electrocution!
You closely miss Pikel.
Pikel is severely wounded.
Pikel hits you with a +2 whip of electrocution!
* * * LOW HITPOINT WARNING * * *
You are electrocuted!
You die...

### ### .... #.. ..... #.~
......########### #.~
.....5K@........# #~~ #####
.........#########'######≈~
....# .........#
#.............~. ###.#
.........# #...............
# #.# .........#
#............### ###.#
.........# #............#
....##.........#
#............#
.....#.........#
#............#
..##.#.........#
#............#


You could see Pikel and a lemure.

Vanquished Creatures
  Duvessa (D:4)
  An ogre (D:4)
  3 lemures (D:4)
  Dowan (D:4)
  A hound (D:4)
  Ijyb (D:3)
  An iguana (D:4)
  6 adders
  2 worms
  2 dart slugs (D:1)
  8 orcs (D:3)
  3 endoplasms
  2 giant cockroaches
  3 goblins
  5 hobgoblins
  5 kobolds
  5 quokkas
  5 ball pythons
  4 bats
  5 frilled lizards
  6 rats
70 creatures vanquished.

Notes
Turn   | Place    | Note
-------+----------+-------------------------------------------
     0 | D:1      | avis the Hill Orc Transmuter began the quest for the Orb.
     0 | D:1      | Reached XP level 1. HP: 16/16 MP: 3/3
   218 | D:1      | Reached XP level 2. HP: 23/24 MP: 4/4
   398 | D:1      | Found a faded altar of an unknown god.
   406 | D:1      | Reached skill level 4 in Unarmed Combat
   639 | D:1      | Reached XP level 3. HP: 29/29 MP: 5/5
   812 | D:2      | Identified the +2 mace of Ignis's Castigation {elec, rC+
                  | Will+}
  1193 | D:2      | Reached skill level 5 in Unarmed Combat
  1196 | D:2      | Reached XP level 4. HP: 35/36 MP: 6/6
  1207 | D:2      | Identified the +7 quarterstaff of Freehold {speed, Fragile
                  | Fly Str+3 Dex+2}
  1576 | D:3      | Became a worshipper of Beogh the Brigand
  1678 | D:3      | Noticed Ijyb
  1682 | D:3      | Learned a level 2 spell: Wereblood
  1690 | D:3      | Killed Ijyb
  1694 | D:3      | Reached XP level 5. HP: 31/41 MP: 5/7
  1809 | D:3      | Reached skill level 6 in Unarmed Combat
  2156 | D:4      | Found a blossoming altar of Fedhas.
  2329 | D:4      | Noticed an ogre
  2334 | D:4      | Killed an ogre
  2339 | D:4      | Learned a level 3 spell: Spider Form
  2388 | D:4      | Reached XP level 6. HP: 48/48 MP: 7/9
  2417 | D:4      | Noticed Dowan
  2417 | D:4      | Noticed Duvessa
  2427 | D:4      | Killed Dowan
  2428 | D:4      | Killed Duvessa
  2522 | D:4      | Reached skill level 1 in Poison Magic
  2528 | D:4      | Reached XP level 7. HP: 49/55 MP: 10/10
  2814 | D:4      | Noticed Pikel
  2831 | D:4      | Slain by Pikel

Illustrated notes

Levels and vault maps discovered:
D:1:      psy_arrival_statuary, layout_loops_ring, basic_ecumenical_altar,
          hex_tiny
D:2:      layout_loops_cross, minmay_circle_x
D:3:      layout_basic, chequers_serial_rivers_small_b, uniq_ijyb
D:4:      layout_basic, fedhas_altar_2, uniq_pikel, uniq_duvessa

Skill      XL: |  1  2  3  4  5  6 |
---------------+-------------------+-----
Fighting       | 2 |  2.0
Unarmed Combat | 4 5 6 |  6.0
Dodging        | 2 |  2.0
Stealth        | 2 |  2.0
Spellcasting   | 2 |  2.1
Transmutations | 3 |  3.0
Poison Magic   | 1 |  1.0

Action                     |  1- 3 |  4- 6 |  7- 9 || total
---------------------------+-------+-------+-------++-------
  Melee: Unarmed           |    45 |       |       ||    45
         Kick              |     2 |       |       ||     2
         Punch             |     3 |       |       ||     3
         Mace              |    27 |       |       ||    27
         Quarterstaff      |       |    68 |    30 ||    98
   Fire: Sling             |    34 |       |       ||    34
   Cast: Beastly Appendage |     3 |       |       ||     3
         Wereblood         |       |     1 |       ||     1
 Invoke: Convert to Beogh  |       |     1 |       ||     1
  Evoke: Wand              |       |     9 |       ||     9
   Stab: Sleeping          |     1 |     2 |       ||     3
 Armour: Robe              |    13 |     7 |       ||    20
  Dodge: Dodged            |    47 |    41 |    10 ||    98

Table legend: (Time is in decaauts)
 A = Elapsed time spent in this place.
 B = Non-inter-level travel time spent in this place.
 C = Inter-level travel time spent in this place.
 D = Time resting spent in this place.
 E = Time spent auto-exploring this place.
 F = Levels seen in this place.
 G = Mean time per level.
                   A        B        C        D        E       F      G
               +--------+--------+--------+--------+--------+-----+--------+
         Total |   2824 |   2648 |    176 |    148 |   1841 |   4 |  706.0 |
       Dungeon |   2824 |   2648 |    176 |    148 |   1841 |   4 |  706.0 |
               +--------+--------+--------+--------+--------+-----+--------+

Top non-repeatable levels by time:
     D:1: 847 daAuts
     D:2: 725 daAuts
     D:3: 657 daAuts
     D:4: 594 daAuts
